 Dungeon Crawl Stone Soup version 0.31-a0-631-g285b096dc4 (webtiles) character file.

Game seed: 8564057273580538069

59221 kae the Metamorph (level 14, -2/127 HPs)
             Began as a Demonspawn Shapeshifter on Aug 25, 2023.
             Was a Believer of Uskayaw.
             Slain by a yak (8 damage)
             ... on level 4 of the Lair of Beasts.
             The game lasted 00:22:25 (21612 turns).

kae the Metamorph (Demonspawn Shapeshifter)        Turns: 21612, Time: 00:22:26

Health: -2/127     AC: 12    Str: 22    XL:     14   Next: 52%
Magic:  21/21      EV: 14    Int:  9    God:    Uskayaw [**....]
Gold:   1280       SH:  0    Dex: 18    Spells: 13/13 levels left

rFire   + +          .
                       - Unarmed
rCold   . . .        (shield currently unavailable)
rNeg    . . .        h - melded +5 ring mail of Bad Feelings {rPois Dex+3}
rPois   .            (helmet currently unavailable)
rElec   .            (cloak currently unavailable)
rCorr   .            (gloves currently unavailable)
SInv    .            (boots currently unavailable)
Will    +....        T - amulet of faith {!P}
Stlth   +++          F - ring of protection from fire
HPRegen 0.41/turn    f - ring of protection from fire
MPRegen 0.17/turn

%: faith
@: lethally poisoned (-2 -> -18), about to teleport, snake-form, slowed, very
slow
A: constrict, boosted hp, large, (claws 2), foul stench 2, (spiny 1), (sharp
scales 3)
a: Begin Untransformation, Renounce Religion, Stomp, Line Pass


You were on level 4 of the Lair of Beasts.
You worshipped Uskayaw.
Uskayaw was aware of your devotion.
You were an enormous anaconda.
You visited 2 branches of the dungeon, and saw 18 of its levels.
You also visited: Gauntlet and Volcano.

You collected 1319 gold pieces.
You spent 39 gold pieces at shops.


Innate Abilities, Weirdness & Mutations

You are an enormous anaconda.
You have a powerful constriction melee attack.
Your maximum health is increased.
Your armour is entirely melded.
You are incapable of wielding weapons or throwing items.
((You have very sharp fingernails.))
You sometimes emit foul miasma when damaged in melee.
((You are partially covered in sharp spines.))
((You are completely covered in razor-sharp scales. (AC +3, Slay +3)))


   Skills:
 + Level 8.4 Fighting
 + Level 8.4 Dodging
 + Level 5.0 Stealth
 + Level 10.8 Unarmed Combat
 - Level 10.0 Invocations
 - Level 15.0 Shapeshifting


You had 13 spell levels left.
You didn't know any spells.
Your spell library contained the following spells:

 Spells                   Type           Power      Damage    Failure   Level
 Necrotise                Necr           0%         1d4       38%         1
 Slow                     Hex            0%         N/A       38%         1
 Cigotuvi's Dreadful Rot  Necr/Pois/Air  0%         N/A       52%         2
 Static Discharge         Conj/Air       0%         2-2/arc   52%         2
 Confusing Touch          Hex            0%         N/A       77%         3
 Dazzling Flash           Conj/Hex       0%         N/A       77%         3
 Hailstorm                Conj/Ice       0%         3d3       77%         3
 Inner Flame              Hex/Fire       0%         N/A       77%         3
 Vampiric Draining        Necr           0%         2d6       77%         3
 Volatile Blastmotes      Fire/Tloc      0%         2d10      77%         3
 Airstrike                Air            0%         2d(0-16)  99%         4
 Anguish                  Hex/Necr       0%         N/A       99%         4
 Cause Fear               Hex            0%         N/A       99%         4
 Dispel Undead            Necr           0%         3d6       99%         4
 Flame Wave               Conj/Fire      0%         2d4       99%         4
 Fulminant Prism          Conj/Hex       0%         3d5       99%         4
 Iskenderun's Mystic Bla  Conj/Tloc      0%         2d3       99%         4
 Sticky Flame             Conj/Fire      0%         2d3       99%         4
 Summon Ice Beast         Ice/Summ       0%         N/A       99%         4
 Summon Lightning Spire   Summ/Air       0%         N/A       99%         4
 Agony                    Necr           0%         N/A       100%        5
 Summon Forest            Summ/Tloc      0%         N/A       100%        5
 Summon Mana Viper        Hex/Summ       0%         N/A       100%        5
 Death Channel            Necr           0%         N/A       100%        6
 Simulacrum               Ice/Necr       0%         N/A       100%        6
 Starburst                Conj/Fire      0%         6d3       100%        6
 Summon Cactus Giant      Summ           0%         N/A       100%        6
 Enfeeble                 Hex            0%         N/A       100%        7
 Maxwell's Capacitive Co  Air            0%         ∞         100%        8

Inventory:

Missiles
 m - 10 stones
Armour
 a - a +1 animal skin
 h - the +5 ring mail of Bad Feelings (melded) {rPois Dex+3}
   (You found it on level 6 of the Dungeon)

   Dex+3:     It affects your dexterity (+3).
   rPois:     It protects you from poison
 W - a +2 cloak of stealth
   (You found it in a Gauntlet)
Magical Staves
 G - a staff of earth {!a}
   (You took it off a minotaur in a Gauntlet)
 H - a staff of earth {!a}
   (You found it on level 7 of the Dungeon)
 N - a staff of cold {!a}
   (You found it on level 8 of the Dungeon)
 V - a staff of cold {!a}
   (You found it on level 10 of the Dungeon)
 X - a staff of death {!a}
   (You found it on level 12 of the Dungeon)
Jewellery
 f - a ring of protection from fire (right hand)
   (You found it on level 1 of the Lair of Beasts)
 p - a ring of willpower
   (You found it on level 3 of the Dungeon)
 A - an amulet of the acrobat
   (You found it in a Gauntlet)
 C - a ring of protection from cold
   (You found it on level 9 of the Dungeon)
 F - a ring of protection from fire (left hand)
   (You found it on level 4 of the Dungeon)
 R - a ring of resist corrosion
   (You found it on level 8 of the Dungeon)
 T - an amulet of faith (around neck) {!P}
   (You took it off an orc on level 4 of the Dungeon)
Talismans
 c - a beast talisman
 d - a flux talisman
 I - a serpent talisman (active)
   (You found it on level 8 of the Dungeon)
Wands
 g - a wand of charming (4)
   (You found it on level 4 of the Lair of Beasts)
 q - a wand of roots (18)
   (You found it on level 4 of the Dungeon)
 t - a wand of flame (41)
   (You took it off a hobgoblin on level 4 of the Dungeon)
 J - a wand of digging (7)
   (You found it on level 1 of the Lair of Beasts)
 K - a wand of quicksilver (5)
   (You found it on level 9 of the Dungeon)
 M - a wand of mindburst (25)
   (You found it on level 8 of the Dungeon)
 U - a wand of polymorph (5)
   (You found it in a Gauntlet)
Scrolls
 i - a scroll of enchant armour
 l - 6 scrolls of teleportation {@r4}
 r - 7 scrolls of immolation {!r!r}
 s - 2 scrolls of poison {!r}
 u - 2 scrolls of fear
 w - 2 scrolls of blinking {!r}
 O - 2 scrolls of summoning
 S - 2 scrolls of enchant weapon
Potions
 b - 2 potions of lignification {!q}
 e - a potion of cancellation
 j - 4 potions of might
 k - 7 potions of heal wounds {@q2}
 n - a potion of ambrosia
 o - a potion of brilliance
 v - a potion of enlightenment
 x - 3 potions of attraction {!q}
 z - a potion of haste {@q3}
 B - a potion of mutation {!q}
 D - a potion of resistance
 E - 6 potions of curing {@q1}
 Q - a potion of invisibility
 Z - 3 potions of magic
Miscellaneous
 P - a sack of spiders
   (You found it in a Gauntlet)
 Y - a tin of tremorstones (2/2)
   (You found it in a Gauntlet)

Dungeon Overview and Level Annotations

Branches:
Dungeon (14/15) Zot: 23957  Temple (0/1) D:7            Lair (4/5) D:8 Zot: 18357
  Swamp (0/4) Lair:2        Snake (0/4) Lair:2        Slime (0/5) Lair:4
    Orc (0/2) D:12        Volcano (visited)         Gauntlet (visited)
 Vaults: D:13-14

Altars:
Dithmenos
Fedhas
Gozag
Hepliaklqana
Kikubaaqudgha
Nemelex Xobeh
Okawaru
Qazlal
Trog
Uskayaw
Vehumet
Wu Jian
Jiyva

Shops:
D:2 ?   D:11 :

Annotations:
D:2 Sigmund
D:8 3 runed translucent doors, Anon1729's ghost, novice MiMo; Turgor's ghost, novice TrSh; WhatIsLove's ghost, novice HOMo
D:13 Nessos
Lair:4 exclusion: 2 oklob plants

...#8....# .. #........
...#P...~#~~.......# #........
...'...P~#~~.......♣ #........
...'...~~#~~..⌠....♣ #........
...'...P~#~~♣......# #........
...#....~#~~..F...~# #........
...#♣....#~♣...kYF~# #........
...##♣..♣♣.....YYy~# #........
....##''♣####♣♣YSY## #........
....#....#.......~~# #........
....#....'......~~~# #......>.
....#....'....~~~~~# #........
....#♣...#♣♣♣~~~~~8# #........
....######♣♣#############........
.................................
..<..............................
>.......†........................


You could see a lindwurm, 5 yaks, 2 cane toads and a hornet.


Message History

You lash the black bear! You grab the black bear. You constrict the black bear.
The black bear closely misses you. The black bear misses you.
The black bear barely misses you.
A black bear is nearby!
You completely miss the black bear. You constrict the black bear.
The black bear closely misses you.
The black bear claws you but does no damage.
The black bear claws you.
The hornet buzzes angrily.
You body-slam the black bear!!
You kill the black bear!
As you open the large door, it creaks loudly!
You hear a bellow!
You hear a roar!
You hear an angry hiss.
You hear a bellow!
No target in view!
No target in view!
There is a large open door here.
A black mamba is nearby!
No target in view!
You enter the shallow water.
There are monsters nearby! 2 yaks come into view.
A yak comes into view.
A yak and a lindwurm come into view.
The black mamba bites you.
The lindwurm moves out of view. 😕 HP[-6]
You take 6 damage, and now have 121/127 hp.
There are monsters nearby!
The yak bellows! x3
You body-slam the black mamba!!
You grab the black mamba.
You constrict the black mamba, but do no damage.
You hear a roar!
You hear a croak.
The black mamba barely misses you.
A yak comes into view.
The black mamba completely misses you.
The hornet stings you but does no damage.
You can now pass through a line of other dancers.
You hit the black mamba but do no damage.
You constrict the black mamba. The black mamba barely misses you.
The hornet stings you but does no damage. 😕 HP[+1]
You hit the hornet. You constrict the black mamba.
The black mamba closely misses you. The hornet barely misses you.
A cane toad comes into view.
The black mamba bites you! 😕 HP[-12]
You take 12 damage, and now have 110/127 hp.
You barely miss the hornet. You constrict the black mamba.
You kill the black mamba!
The hornet stings you!
You are poisoned.
You suddenly lose the ability to move!
The yak gores you.
You feel very sick.
The hornet stings you but does no damage.
A cane toad comes into view.
The hornet stings you!
You shrug off the repeated paralysis!
The yak gores you!
You emit a cloud of foul miasma!
The yak gores you!
You feel sick. The hornet stings you!
* * * LOW HITPOINT WARNING * * *
You feel yourself slow down. The yak gores you.
* * * LOW HITPOINT WARNING * * *
The yak gores you but does no damage.
The yak is engulfed in dark miasma.
The yak is poisoned.
The yak gores you.
* * * LOW HITPOINT WARNING * * *
The yak gores you!
* * * LOW HITPOINT WARNING * * *
You emit a cloud of foul miasma!
You feel yourself speed up.
You feel sick. The hornet stings you.
* * * LOW HITPOINT WARNING * * *
You are more poisoned.
You feel yourself slow down. The hornet stings you!
* * * LOW HITPOINT WARNING * * *
You are more poisoned.
You feel as though you will be slow longer.
The yak barely misses you.
The yak is engulfed in dark miasma.
The yak looks even sicker.
The yak seems to slow down.
The yak gores you but does no damage. x2; The yak is engulfed in dark miasma.
The yak is poisoned.
The yak gores you!
* * * LOW HITPOINT WARNING * * *
You can move again. 😱 HP[-87]
You take 87 damage, and now have 23/127 hp.
MASSIVE DAMAGE!! (PAUSE) Unknown command.
As you read the scroll of teleportation {@r4}, it crumbles to dust.
You feel strangely unstable.
* * * LOW HITPOINT WARNING * * *
You feel extremely sick.
The yak is no longer moving slowly.
The hornet barely misses you. The yak completely misses you.
The yak gores you but does no damage.
The yak is engulfed in dark miasma.
The yak looks even sicker.
The yak gores you.
* * * LOW HITPOINT WARNING * * *
The hornet stings you.
* * * LOW HITPOINT WARNING * * *
You feel as though you will be slow longer.
The yak is engulfed in dark miasma.
The yak looks even sicker.
The yak gores you!
You die...

Skill      XL: |  1  2  3  4  5  6  7  8  9 10 11 12 13 14 |
---------------+-------------------------------------------+-----
Shapeshifting  | 3 4 5 6 7 9 10 11 14 15 | 15.0
Unarmed Combat | 3 4 5 7 10 | 10.8
Fighting       | 2 3 4 6 7 8 |  8.4
Invocations    | 2 4 6 8 10 | 10.0
Dodging        | 2 4 6 8 |  8.4
Stealth        | 5 |  5.0

Action                     |  1- 3 |  4- 6 |  7- 9 | 10-12 | 13-15 || total
---------------------------+-------+-------+-------+-------+-------++-------
  Melee: Unarmed           |    75 |   142 |   302 |   259 |   487 ||  1265
         Punch             |     2 |     2 |    17 |     4 |       ||    25
         Constrict         |       |       |       |    36 |   112 ||   148
 Invoke: Line Pass         |       |       |     4 |     2 |       ||     6
         Stomp             |       |       |     3 |     1 |    14 ||    18
         Grand Finale      |       |       |       |     2 |       ||     2
  Evoke: Tin of tremorston |       |       |       |       |     2 ||     2
    Use: Scroll            |     5 |     3 |     5 |     9 |     7 ||    29
         Potion            |       |       |       |     4 |     3 ||     7
   Stab: Sleeping          |     1 |     2 |       |     2 |     2 ||     7
         Paralysed         |       |       |    18 |    24 |    62 ||   104
         Distracted        |       |       |     1 |       |     2 ||     3
 Armour: Animal skin       |    14 |    53 |    19 |       |       ||    86
         Ring mail         |       |       |    60 |    36 |       ||    96
         Skin              |       |       |       |    59 |   175 ||   234
  Dodge: Dodged            |    42 |   107 |   134 |    90 |   348 ||   721
   Form: Anaconda          |       |       |       |     1 |       ||     1

Levels and vault maps discovered:
D:1:      grunt_arrival_crossed_arrows, layout_basic, nrook_mini_vaults,
          hangedman_decor_peaks_small, roderic_roman_lattice,
          minmay_misc_feat_encased
D:2:      layout_loops_ring, nicolae_nh_oracle_at_delphi, uniq_sigmund
D:3:      layout_loops_ring
D:4:      cheibrodos_greedy_goblins, layout_basic,
          mainiacjoe_overflow_cross_hatched, okawaru_gym_becter,
          vehumet_altar_wand_db, mainiacjoe_overflow_six_doors_small
D:5:      minmay_angry_zag, layout_basic, fedhas_altar_4,
          overflow_temple_1_default, nzn_hepliaklqana_mist_gate,
          uniq_blork_the_orc
D:6:      layout_basic, kiku_gazebo_garden_becter
D:7:      layout_loops_corners, pdpol_wu_jian_five_deadly_venoms,
          minmay_temple_entry_butterflies
D:8:      layout_basic, kennysheep_little_box, mainiacjoe_overflow_paths,
          grunt_dithmenos_smoke_and_mirrors, lemuel_crystal_altar,
          hellmonk_lair_entry_icy, gammafunk_ghost_cemetery, uniq_grum
D:9:      layout_loops_corners
D:10:     layout_loops_cross
D:11:     layout_cave_pools, serial_shops, shop,
          nicolae_qazlal_scattered_showers
D:12:     layout_loops_ring, kennysheep_orc_monster_closet_entryway,
          nicolae_tso_swordbearing_angel
D:13:     layout_roguey, david_vaults_4, minmay_fractal_squares_gapless_7,
          uniq_nessos
D:14:     layout_basic, gauntlet_entry_generic, elyvilon_altar_3
Lair:1:   layout_gridlike, lemuel_fruit_tree
Lair:2:   layout_cave_pods, swamp_mist, alex1729_snake_entry_snake,
          nicolae_volcano_entry_lava_flow, minivault_11, serial_bayou_shore_b,
          uniq_harold
Lair:3:   layout_misc_corridors
Lair:4:   cheibrodos_lair_overgrown_chateau, layout_regular_city,
          minmay_slime_entry_oklob_open, kennysheep_abandoned_house,
          lemuel_fruit_fields

Notes
Turn   | Place    | Note
-------+----------+-------------------------------------------
     0 | D:1      | kae the Demonspawn Shapeshifter began the quest for the
                  | Orb.
     0 | D:1      | Reached XP level 1. HP: 15/15 MP: 1/1
     0 | D:1      | magus.rc [v1.11.3]
    15 | D:1      | You pick up a book of Flames and begin reading...
    15 | D:1      | You add the spells Inner Flame, Sticky Flame and Flame Wave
                  | to your library.
   193 | D:1      | You pick up a book of Necromancy and begin reading...
   193 | D:1      | You add the spells Necrotise, Vampiric Draining and Agony
                  | to your library.
   477 | D:1      | Gained mutation: You are partially covered in razor-sharp
                  | scales. (AC +1, Slay +1) [demonic ancestry]
   477 | D:1      | Reached XP level 2. HP: 16/21 MP: 2/2
   568 | D:1      | You pick up a book of Spectacle and begin reading...
   568 | D:1      | You add the spells Volatile Blastmotes, Dazzling Flash,
                  | Starburst and Maxwell's Capacitive Coupling to your
                  | library.
   594 | D:1      | Reached skill level 3 in Shapeshifting
  1072 | D:2      | Reached skill level 3 in Unarmed Combat
  1072 | D:2      | Gained mutation: You are mostly covered in razor-sharp
                  | scales. (AC +2, Slay +2) [demonic ancestry]
  1072 | D:2      | Reached XP level 3. HP: 20/27 MP: 3/3
  1384 | D:2      | Reached skill level 2 in Fighting
  1384 | D:2      | Found The Oracle's Delphic Readings.
  1400 | D:2      | You pick up a book of Storms and begin reading...
  1400 | D:2      | You add the spells Static Discharge, Airstrike and Summon
                  | Lightning Spire to your library.
  1420 | D:2      | Bought a scroll of identify for 26 gold pieces
  1420 | D:2      | Bought a scroll of noise for 13 gold pieces
  1439 | D:2      | Gained mutation: You have sharp fingernails. [demonic
                  | ancestry]
  1439 | D:2      | Reached XP level 4. HP: 33/33 MP: 4/4
  1482 | D:2      | Noticed Sigmund
  2072 | D:3      | You pick up a book of Hexes and begin reading...
  2072 | D:3      | You add the spells Anguish, Cause Fear and Enfeeble to your
                  | library.
  2126 | D:3      | Noticed a black bear
  2139 | D:3      | Killed a black bear
  2140 | D:3      | Reached skill level 4 in Shapeshifting
  2140 | D:3      | Reached XP level 5. HP: 12/39 MP: 5/5
  2260 | D:3      | You pick up a book of the Wilderness and begin reading...
  2260 | D:3      | You add the spells Summon Forest, Summon Mana Viper and
                  | Summon Cactus Giant to your library.
  2483 | D:4      | Found an iron altar of Okawaru.
  2643 | D:4      | Found a radiant altar of Vehumet.
  3140 | D:4      | Found an opulent altar of Gozag.
  3312 | D:4      | Found a bloodstained altar of Trog.
  3394 | D:4      | Reached skill level 3 in Fighting
  3492 | D:5      | Entered Level 5 of the Dungeon
  3515 | D:5      | Found a hide-covered altar of Uskayaw.
  3544 | D:5      | Reached XP level 6. HP: 47/47 MP: 6/6
  3560 | D:5      | Became a worshipper of Uskayaw the Reveller
  3584 | D:5      | Reached * piety under Uskayaw
  3589 | D:5      | Reached ** piety under Uskayaw
  3651 | D:5      | Reached skill level 4 in Unarmed Combat
  3651 | D:5      | Reached skill level 1 in Invocations
  3659 | D:5      | Noticed Blork the orc
  3676 | D:5      | HP: 9/47 [centaur (4)]
  3882 | D:5      | Reached skill level 2 in Invocations
  3882 | D:5      | Reached skill level 5 in Shapeshifting
  3883 | D:5      | Reached *** piety under Uskayaw
  3889 | D:5      | Gained mutation: You may rarely emit foul miasma when
                  | damaged in melee. [demonic ancestry]
  3889 | D:5      | Reached XP level 7. HP: 51/52 MP: 8/8
  3896 | D:5      | Reached **** piety under Uskayaw
  3911 | D:5      | Killed Blork the orc
  4065 | D:5      | Found a blossoming altar of Fedhas.
  4180 | D:5      | Reached skill level 4 in Fighting
  4180 | D:5      | Reached skill level 3 in Invocations
  4189 | D:5      | HP: 9/54 [gnoll bouda/+0 whip (5)]
  4476 | D:5      | Found a hazy altar of Hepliaklqana.
  4759 | D:6      | HP: 13/54 [orc warrior/+0 scimitar (14)]
  4762 | D:6      | Reached skill level 4 in Invocations
  4762 | D:6      | Reached skill level 6 in Shapeshifting
  4762 | D:6      | Reached XP level 8. HP: 15/60 MP: 5/11
  4937 | D:6      | Identified the +5 ring mail of Bad Feelings {rPois Dex+3}
  4938 | D:6      | Found an ancient bone altar of Kikubaaqudgha.
  5036 | D:6      | Reached skill level 5 in Unarmed Combat
  5968 | D:7      | Reached skill level 5 in Invocations
  6219 | D:7      | Found a staircase to the Ecumenical Temple.
  6242 | D:7      | Reached ***** piety under Uskayaw
  6389 | D:7      | Found an ornate altar of the Wu Jian Council.
  6478 | D:7      | Reached skill level 7 in Shapeshifting
  6578 | D:7      | Reached skill level 6 in Invocations
  6578 | D:7      | Reached XP level 9. HP: 44/65 MP: 13/13
  6731 | D:7      | Reached skill level 6 in Unarmed Combat
  7166 | D:8      | Found a sparkling altar of Nemelex Xobeh.
  7258 | D:8      | Reached ****** piety under Uskayaw
  7439 | D:8      | Reached skill level 8 in Shapeshifting
  7444 | D:8      | Reached skill level 7 in Invocations
  7616 | D:8      | Found a shadowy altar of Dithmenos.
  7621 | D:8      | You pick up a book of Debilitation and begin reading...
  7621 | D:8      | You add the spells Slow and Confusing Touch to your
                  | library.
  7709 | D:8      | Reached skill level 7 in Unarmed Combat
  7709 | D:8      | Reached skill level 8 in Invocations
  7710 | D:8      | Noticed Grum
  7723 | D:8      | Noticed a polar bear
  7724 | D:8      | Killed Grum
  7725 | D:8      | Reached skill level 9 in Shapeshifting
  7731 | D:8      | Gained mutation: You sometimes emit foul miasma when
                  | damaged in melee. [demonic ancestry]
  7731 | D:8      | Reached XP level 10. HP: 35/71 MP: 16/16
  7733 | D:8      | HP: 14/71 [polar bear (11)]
  8027 | D:8      | Reached skill level 9 in Invocations
  8038 | D:8      | Found a staircase to the Lair.
  8410 | D:8      | Found a runed translucent gate.
  8466 | D:8      | Found a runed translucent gate.
  8467 | D:8      | Found a runed translucent gate.
  8468 | D:8      | Noticed Turgor's ghost (novice TrSh)
  8468 | D:8      | Noticed WhatIsLove's ghost (novice HOMo)
  8468 | D:8      | Noticed Anon1729's ghost (novice MiMo)
  8658 | D:9      | Reached skill level 10 in Shapeshifting
  9090 | D:9      | Reached skill level 10 in Invocations
  9096 | D:9      | Reached skill level 5 in Fighting
  9101 | D:9      | Reached skill level 6 in Fighting
  9329 | D:9      | Reached skill level 2 in Dodging
  9667 | D:10     | Entered Level 10 of the Dungeon
 10212 | D:10     | Gained mutation: You are completely covered in razor-sharp
                  | scales. (AC +3, Slay +3) [demonic ancestry]
 10212 | D:10     | Reached XP level 11. HP: 52/83 MP: 18/18
 10441 | D:11     | Noticed a green ugly thing
 10454 | D:11     | Killed a green ugly thing
 10553 | D:11     | Reached skill level 7 in Fighting
 10553 | D:11     | Reached skill level 3 in Dodging
 10619 | D:11     | Found Cuxeijodd's Book Boutique.
 10625 | D:11     | You fall into a shaft and drop 3 floors!
 10754 | D:14     | Found a gate leading to a gauntlet.
 10763 | Gauntlet | Entered a Gauntlet
 10763 | Gauntlet | Noticed a green ugly thing
 10763 | Gauntlet | Noticed a great orb of eyes
 10763 | Gauntlet | Found a transporter.
 10763 | Gauntlet | Found a transporter.
 10763 | Gauntlet | Found a transporter.
 10764 | Gauntlet | Found a transporter.
 10767 | Gauntlet | Found a transporter.
 10773 | Gauntlet | Noticed a catoblepas
 10779 | Gauntlet | Found a transporter.
 10779 | Gauntlet | Noticed a sixfirhy
 10782 | Gauntlet | Noticed a sixfirhy
 10844 | Gauntlet | Found a transporter.
 10853 | Gauntlet | Noticed a wizard
 10856 | Gauntlet | Found a transporter.
 10869 | Gauntlet | Found a transporter.
 10881 | Gauntlet | Found a transporter.
 10894 | Gauntlet | Found a transporter.
 10900 | Gauntlet | Found a transporter.
 10971 | Gauntlet | Killed a green ugly thing
 10975 | Gauntlet | Killed a great orb of eyes
 11148 | Gauntlet | Killed a sixfirhy
 11149 | Gauntlet | Reached skill level 4 in Dodging
 11150 | Gauntlet | HP: 20/100 [sixfirhy (8)]
 11151 | Gauntlet | Killed a sixfirhy
 11463 | Gauntlet | Identified a potion of experience
 11463 | Gauntlet | Reached skill level 10 in Unarmed Combat
 11463 | Gauntlet | Gained mutation: You have very sharp fingernails. [demonic
                  | ancestry]
 11463 | Gauntlet | Reached XP level 12. HP: 92/92 MP: 19/19
 11466 | Gauntlet | Noticed a minotaur
 11475 | Gauntlet | Killed a minotaur
 11476 | Gauntlet | Reached skill level 8 in Fighting
 11891 | D:13     | Identified the +5 flail of Dinyzxor {antimagic, rF+ rC+
                  | Stlth+}
 11896 | D:12     | Noticed a two-headed ogre
 11906 | D:12     | Killed a two-headed ogre
 11907 | D:12     | Reached skill level 5 in Dodging
 11910 | D:12     | HP: 14/110 [gargoyle/stone arrow (18)]
 11911 | D:12     | Noticed a boulder beetle
 11916 | D:12     | HP: 26/110 [boulder beetle (5)]
 11921 | D:12     | Killed a boulder beetle
 11922 | D:12     | Reached skill level 11 in Shapeshifting
 11922 | D:12     | Noticed a boulder beetle
 11923 | D:12     | Killed a boulder beetle
 12263 | D:12     | Reached skill level 6 in Dodging
 12468 | D:11     | You pick up a book of Blasting and begin reading...
 12468 | D:11     | You add the spells Fulminant Prism and Iskenderun's Mystic
                  | Blast to your library.
 12904 | D:11     | Found a stormy altar of Qazlal.
 12973 | D:11     | Noticed a two-headed ogre
 12981 | D:11     | Killed a two-headed ogre
 13281 | D:11     | Reached XP level 13. HP: 97/98 MP: 20/20
 13550 | D:12     | Reached skill level 7 in Dodging
 13968 | D:12     | Found a staircase to the Orcish Mines.
 13989 | D:12     | HP: 29/117 [troll (4)]
 13998 | D:12     | HP: 28/117 [orc warrior/+0 long sword (13)]
 14404 | D:12     | Reached skill level 12 in Shapeshifting
 14596 | D:13     | Noticed Nessos
 14954 | Lair:1   | Entered Level 1 of the Lair of Beasts
 15381 | Lair:1   | Reached skill level 8 in Dodging
 15406 | Lair:1   | HP: 25/117 [elephant (12)]
 15676 | Lair:1   | You pick up a book of Decay and begin reading...
 15676 | Lair:1   | You add the spells Cigotuvi's Dreadful Rot, Dispel Undead
                  | and Death Channel to your library.
 16296 | Lair:1   | Reached skill level 13 in Shapeshifting
 16692 | Lair:2   | Noticed Harold
 16714 | Lair:2   | Found a staircase to the Swamp.
 16779 | Lair:2   | Reached skill level 14 in Shapeshifting
 16780 | Lair:2   | HP: 33/176 [death yak (17)]
 16788 | Lair:2   | Found a dark tunnel.
 16840 | Volcano  | Entered a volcano
 17350 | Volcano  | Found a bloodstained altar of Trog.
 17358 | Volcano  | Gained mutation: You are partially covered in sharp spines.
                  | [demonic ancestry]
 17358 | Volcano  | Reached XP level 14. HP: 103/105 MP: 21/21
 17918 | Lair:2   | You pick up a book of Decay and begin reading...
 18130 | Lair:2   | Killed Harold
 18606 | Lair:2   | Found a staircase to the Snake Pit.
 18622 | Lair:2   | Reached skill level 15 in Shapeshifting
 19014 | Lair:3   | Reached skill level 1 in Stealth
 19079 | Lair:3   | Reached skill level 2 in Stealth
 19323 | Lair:3   | Reached skill level 3 in Stealth
 19817 | Lair:3   | Reached skill level 4 in Stealth
 20500 | Lair:4   | You pick up a book of the Tundra and begin reading...
 20500 | Lair:4   | You add the spells Hailstorm, Summon Ice Beast and
                  | Simulacrum to your library.
 20524 | Lair:4   | Found a staircase to the Slime Pits.
 20665 | Lair:4   | Found a viscous altar of Jiyva.
 21438 | Lair:4   | Reached skill level 5 in Stealth
 21608 | Lair:4   | Paralysed by a hornet for 3 turns
 21611 | Lair:4   | HP: 30/127 [hornet (11)]
 21612 | Lair:4   | HP: 12/127 [yak (3)]
 21612 | Lair:4   | Slain by a yak

Vanquished Creatures
  A minotaur (Gauntlet)
  A red draconian (Volcano)
  A great orb of eyes (Gauntlet)
  Harold (Lair:2)
  A hydra (Lair:4)
  A centaur warrior (Volcano)
  2 boulder beetles (D:12)
  3 two-headed ogres
  6 death yaks (Lair:2)
  2 skysharks
  2 sixfirhies (Gauntlet)
  A salamander (Lair:2)
  A cyclops (D:13)
  3 ugly things
  4 elephants (Lair:1)
  A manticore (D:11)
  5 black mambas
  2 molten gargoyles (Volcano)
  3 gargoyles
  A torpor snail (Lair:2)
  5 cane toads
  6 komodo dragons
  A rime drake (D:8)
  5 trolls
  4 polar bears
  21 blink frogs
  A hornet (Lair:4)
  8 slime creatures
  A shadow (D:12)
  5 wyverns
  6 fire bats (Volcano)
  2 vampires
  3 wraiths
  56 yaks
  2 basilisks
  Grum (D:8)
  2 steam dragons (D:7)
  2 nagas (Lair:2)
  An acid dragon (D:9)
  6 water moccasins
  3 black bears
  9 orc warriors
  6 ice beasts
  4 ogres (D:12)
  A sky beast (D:7)
  20 wolves
  10 centaurs
  A phantom (D:5)
  6 kobold brigands
  Blork the orc (D:5)
  17 bullfrogs
  4 gnoll sergeants
  2 scorpions
  6 howler monkeys
  7 lava snakes (Volcano)
  3 hounds
  A jelly (D:7)
  2 gnoll boudas
  4 orc priests
  A sleepcap (D:7)
  3 iguanas (D:5)
  4 orc wizards
  16 hell rats
  11 gnolls
  7 adders
  5 river rats (Lair:4)
  A shadow imp (D:6)
  3 white imps
  2 ufetubi
  2 worms
  A dart slug (D:5)
  38 orcs
  7 endoplasms
  3 giant cockroaches
  13 goblins
  13 hobgoblins
  5 jackals
  29 kobolds
  A quokka (D:1)
  5 ball pythons
  2 bats (D:3)
  A frilled lizard (D:3)
  7 rats
467 creatures vanquished.

Vanquished Creatures (collateral kills)
  An iguana (D:6)
1 creature vanquished.

Grand Total: 468 creatures vanquished

Table legend:
 A = Non-vault XP
 B = Vault XP
 C = Vault XP percentage of total XP
 D = Non-vault monster count
 E = Vault monster count
 F = Vault count percentage of total count
                 A         B        C        D         E       F
            +---------+---------+-------+---------+---------+-------
      Total |   54574 |   16929 |  23.7 |     365 |     103 |  22.0
            +---------+---------+-------+---------+---------+-------
        D:1 |      22 |       0 |   0.0 |      12 |       0 |   0.0
        D:2 |      92 |      15 |  14.0 |      15 |       2 |  11.8
        D:3 |     171 |       0 |   0.0 |      20 |       0 |   0.0
        D:4 |      61 |      17 |  21.8 |       8 |       9 |  52.9
        D:5 |     544 |     388 |  41.6 |      25 |       6 |  19.4
        D:6 |     433 |       0 |   0.0 |      18 |       0 |   0.0
        D:7 |    1402 |       0 |   0.0 |      26 |       0 |   0.0
        D:8 |    1962 |    2672 |  57.7 |      41 |      17 |  29.3
        D:9 |    2295 |       0 |   0.0 |      16 |       0 |   0.0
       D:10 |     916 |       0 |   0.0 |      12 |       0 |   0.0
       D:11 |    4446 |       0 |   0.0 |      14 |       0 |   0.0
       D:12 |    7672 |    1856 |  19.5 |      22 |      20 |  47.6
       D:13 |     534 |       0 |   0.0 |       1 |       0 |   0.0
       D:14 |     669 |       0 |   0.0 |       3 |       0 |   0.0
     Lair:1 |    9139 |       0 |   0.0 |      44 |       0 |   0.0
     Lair:2 |   11784 |    1771 |  13.1 |      38 |       4 |   9.5
     Lair:3 |    5238 |       0 |   0.0 |      24 |       0 |   0.0
     Lair:4 |    7194 |    1616 |  18.3 |      26 |      19 |  42.2
    Volcano |       0 |    4666 | 100.0 |       0 |      21 | 100.0
   Gauntlet |       0 |    3928 | 100.0 |       0 |       5 | 100.0
            +---------+---------+-------+---------+---------+-------

Skill      XL: |  1  2  3  4  5  6  7  8  9 10 11 12 13 14 |
---------------+-------------------------------------------+-----
Shapeshifting  | 3 4 5 6 7 9 10 11 14 15 | 15.0
Unarmed Combat | 3 4 5 7 10 | 10.8
Fighting       | 2 3 4 6 7 8 |  8.4
Invocations    | 2 4 6 8 10 | 10.0
Dodging        | 2 4 6 8 |  8.4
Stealth        | 5 |  5.0

Action                     |  1- 3 |  4- 6 |  7- 9 | 10-12 | 13-15 || total
---------------------------+-------+-------+-------+-------+-------++-------
  Melee: Unarmed           |    75 |   142 |   302 |   259 |   487 ||  1265
         Punch             |     2 |     2 |    17 |     4 |       ||    25
         Constrict         |       |       |       |    36 |   112 ||   148
 Invoke: Line Pass         |       |       |     4 |     2 |       ||     6
         Stomp             |       |       |     3 |     1 |    14 ||    18
         Grand Finale      |       |       |       |     2 |       ||     2
  Evoke: Tin of tremorston |       |       |       |       |     2 ||     2
    Use: Scroll            |     5 |     3 |     5 |     9 |     7 ||    29
         Potion            |       |       |       |     4 |     3 ||     7
   Stab: Sleeping          |     1 |     2 |       |     2 |     2 ||     7
         Paralysed         |       |       |    18 |    24 |    62 ||   104
         Distracted        |       |       |     1 |       |     2 ||     3
 Armour: Animal skin       |    14 |    53 |    19 |       |       ||    86
         Ring mail         |       |       |    60 |    36 |       ||    96
         Skin              |       |       |       |    59 |   175 ||   234
  Dodge: Dodged            |    42 |   107 |   134 |    90 |   348 ||   721
   Form: Anaconda          |       |       |       |     1 |       ||     1

Illustrated notes

Table legend:
 A = Kills in this place as a percentage of kills in the entire game.
 B = Kills by you in this place as a percentage of kills by you in the entire game.
 C = Kills by friends in this place as a percentage of kills by friends in the entire game.
 D = Other kills in this place as a percentage of other kills in the entire game.
 E = Experience gained in this place as a percentage of experience gained in the entire game.
 F = Experience gained in this place divided by the number of levels of this place that you have seen.
                   A       B       C       D       E      F
               +-------+-------+-------+-------+-------+----------------------
         Total | 100.0 | 100.0 | 100.0 |   N/A | 100.0 | 3575.1
       Dungeon |  61.3 |  61.2 | 100.0 |   N/A |  36.6 | 1869.1
          Lair |  33.1 |  33.2 |   0.0 |   N/A |  51.4 | 9185.5
       Volcano |   4.5 |   4.5 |   0.0 |   N/A |   6.5 | 4666.0
      Gauntlet |   1.1 |   1.1 |   0.0 |   N/A |   5.5 | 3928.0
               +-------+-------+-------+-------+-------+----------------------

Table legend: (Time is in decaauts)
 A = Elapsed time spent in this place.
 B = Non-inter-level travel time spent in this place.
 C = Inter-level travel time spent in this place.
 D = Time resting spent in this place.
 E = Time spent auto-exploring this place.
 F = Levels seen in this place.
 G = Mean time per level.
                   A        B        C        D        E       F      G
               +--------+--------+--------+--------+--------+-----+--------+
         Total |  21475 |  20793 |    682 |   2182 |  15718 |  20 | 1073.8 |
       Dungeon |  13926 |  13331 |    595 |   1377 |  10108 |  14 |  994.7 |
          Lair |   5641 |   5554 |     87 |    362 |   4423 |   4 | 1410.2 |
       Volcano |    947 |    947 |      0 |     96 |    718 |   1 |  947.0 |
      Gauntlet |    960 |    960 |      0 |    347 |    469 |   1 |  960.0 |
               +--------+--------+--------+--------+--------+-----+--------+

Top non-repeatable levels by time:
    D:12: 1790 daAuts
     D:7: 1618 daAuts
  Lair:1: 1607 daAuts
  Lair:4: 1416 daAuts
  Lair:2: 1386 daAuts
    D:11: 1295 daAuts
     D:8: 1294 daAuts
  Lair:3: 1230 daAuts
     D:9: 1140 daAuts
     D:6: 1107 daAuts
     D:4: 1072 daAuts
     D:5: 1070 daAuts
Gauntlet: 960 daAuts
 Volcano: 947 daAuts
     D:1: 876 daAuts
